[Event "ICC tourney 2161 (75 10)"]
[Site "Internet Chess Club"]
[Date "2020.11.28"]
[Round "4"]
[White "RockyWang"]
[Black "davidtxie"]
[Result "0-1"]
[ICCResult "White checkmated"]
[WhiteElo "1062"]
[BlackElo "1682"]
[Opening "French: exchange variation"]
[ECO "C01"]
[NIC "FR.01"]
[Time "11:03:32"]
[PlyCount "86"]
[TimeControl "4500+10"]


1. e4 e6 2. d4 d5 3. exd5 exd5 4. Nf3 Nc6 5. Bd3 Bd6 6. Qe2+ Qe7 7. Qxe7+
Ngxe7 8. c4 dxc4 9. Bxc4 Nb4 10. Na3 O-O 11. O-O Bg4 12. Be3 Bxf3 13. gxf3
c6 14. Rac1 b5 15. Bb3 a5 16. Bd2 Nd3 17. Rb1 Rfd8 18. Bc2 Bxa3 19. bxa3
Rxd4 20. Rfd1 Ne5 21. Bxa5 Rxa5 22. f4 Rxd1+ 23. Rxd1 N5g6 24. Rd7 Ra8 25.
f5 Nxf5 26. Bxf5 Rxa3 27. Rd8+ Nf8 28. Bxh7+ Kxh7 29. Rxf8 Rxa2 30. Rxf7 b4
31. Rb7 Rb2 32. Kf1 b3 33. Ke1 c5 34. Rc7 Rc2 35. Kd1 c4 36. Rb7 Rxf2 37.
Rc7 b2 38. Rb7 c3 39. Ke1 Rxh2 40. Kf1 c2 41. Kg1 Rd2 42. Rxg7+ Kxg7 43.
Kf1 c1=Q# { White checkmated } 0-1

[Event "ICC tourney 2161 (75 10)"]
[Site "Internet Chess Club"]
[Date "2020.11.28"]
[Round "4"]
[White "SamLightning"]
[Black "EW2006"]
[Result "0-1"]
[ICCResult "White checkmated"]
[WhiteElo "1649"]
[BlackElo "1249"]
[Opening "QGD: 3.Nc3"]
[ECO "D31"]
[NIC "QP.08"]
[Time "11:03:46"]
[PlyCount "86"]
[TimeControl "4500+10"]


1. d4 d5 2. c4 e6 3. Nc3 Bb4 4. Bd2 Ne7 5. e3 Nbc6 6. cxd5 exd5 7. Bd3 Be6
8. Nf3 h6 9. h3 Qd7 10. a3 Bxc3 11. Bxc3 a6 12. b4 Na7 13. a4 O-O 14. O-O
c6 15. Ne5 Qc7 16. f4 Nf5 17. Qf3 f6 18. Ng6 Rfe8 19. g4 Nd6 20. Qg3 Bf7
21. Bd2 Ne4 22. Bxe4 Rxe4 23. Nh4 Rae8 24. Rae1 Nc8 25. Nf5 Be6 26. Kh2
Bxf5 27. gxf5 Nd6 28. Qg4 Nc4 29. Qe2 Rxd4 30. exd4 Rxe2+ 31. Rxe2 Nd6 32.
Rfe1 Nxf5 33. Re8+ Kh7 34. a5 Nxd4 35. R1e7 Qd6 36. Kg2 Nf5 37. Rxb7 d4 38.
Rbb8 Qd5+ 39. Kf2 Nh4 40. Kg3 Qg2+ 41. Kxh4 g5+ 42. fxg5 fxg5+ 43. Bxg5
Qxg5# { White checkmated } 0-1

[Event "ICC tourney 2161 (75 10)"]
[Site "Internet Chess Club"]
[Date "2020.11.28"]
[Round "4"]
[White "joeandjoe56"]
[Black "tightfist"]
[Result "1-0"]
[ICCResult "Black checkmated"]
[WhiteElo "1736"]
[BlackElo "1507"]
[Opening "French: Tarrasch, open variation"]
[ECO "C07"]
[NIC "FR.19"]
[Time "11:03:58"]
[PlyCount "89"]
[TimeControl "4500+10"]


1. e4 e6 2. d4 d5 3. Nd2 c5 4. exd5 Qxd5 5. Ngf3 cxd4 6. Bc4 Qc5 7. O-O Nf6
8. Qe2 Nc6 9. Nb3 Qb6 10. Rd1 Be7 11. Nbxd4 Nxd4 12. Nxd4 O-O 13. c3 a6 14.
Bg5 Qc7 15. Bd3 b5 16. Bxf6 Bxf6 17. Qe4 g6 18. Nxb5 Qb7 19. Qxb7 Bxb7 20.
Nd6 Bc6 21. Be4 Bxe4 22. Nxe4 Bg7 23. Rd7 Rfb8 24. Rd2 a5 25. Nc5 Rxb2 26.
Rxb2 Bxc3 27. Rab1 Bxb2 28. Rxb2 Rc8 29. Rc2 Kg7 30. Nxe6+ fxe6 31. Rxc8
Kf6 32. Rc5 a4 33. Ra5 e5 34. Rxa4 h5 35. Rc4 Kf5 36. a4 e4 37. a5 Kf4 38.
a6 g5 39. a7 g4 40. a8=Q Kf5 41. Qxe4+ Kg5 42. Rc5+ Kh6 43. Qe6+ Kg7 44.
Rc7+ Kf8 45. Qf7# { Black checkmated } 1-0

[Event "ICC tourney 2161 (75 10)"]
[Site "Internet Chess Club"]
[Date "2020.11.28"]
[Round "4"]
[White "clammer"]
[Black "Tomasleo"]
[Result "0-1"]
[ICCResult "White checkmated"]
[WhiteElo "1549"]
[BlackElo "1416"]
[Opening "Réti opening"]
[ECO "A05"]
[NIC "QP.11"]
[Time "11:03:50"]
[PlyCount "96"]
[TimeControl "4500+10"]


1. Nf3 Nf6 2. d3 g6 3. e4 d6 4. Bg5 Bg4 5. Nbd2 Bg7 6. h3 Be6 7. g4 Nbd7 8.
d4 c6 9. Qe2 Qb6 10. Nb3 Qb4+ 11. c3 Qb6 12. Qe3 Bxb3 13. axb3 Qxb3 14. Rb1
d5 15. Bd3 dxe4 16. Bxf6 Nxf6 17. Bxe4 Nxe4 18. Qxe4 Qd5 19. Qxd5 cxd5 20.
g5 h6 21. Ke2 hxg5 22. Nxg5 Rh5 23. h4 Bf6 24. f4 Bxg5 25. fxg5 e6 26. Rbf1
Ke7 27. Kd2 Rf8 28. Rf6 Rfh8 29. Rf4 Rxg5 30. hxg5 Rxh1 31. Kc2 Rg1 32. Kb3
Rxg5 33. Kb4 Rg2 34. b3 g5 35. Rf3 g4 36. Rf4 f5 37. Kc5 Rh2 38. c4 dxc4
39. bxc4 g3 40. Rxf5 exf5 41. d5 g2 42. d6+ Kd7 43. Kd5 g1=Q 44. c5 Qd1+
45. Ke5 Re2+ 46. Kxf5 Qf1+ 47. Kg5 Rg2+ 48. Kh5 Qh1# { White checkmated }
0-1

[Event "ICC tourney 2161 (75 10)"]
[Site "Internet Chess Club"]
[Date "2020.11.28"]
[Round "4"]
[White "trucker"]
[Black "Dhruti813kob36"]
[Result "1-0"]
[ICCResult "Black checkmated"]
[WhiteElo "1664"]
[BlackElo "1427"]
[Opening "Ruy Lopez: closed (with ...d6)"]
[ECO "C90"]
[NIC "RL.19"]
[Time "11:04:02"]
[PlyCount "71"]
[TimeControl "4500+10"]


1. e4 e5 2. Nf3 Nc6 3. Bb5 a6 4. Ba4 Nf6 5. O-O Be7 6. Re1 b5 7. Bb3 d6 8.
c3 O-O 9. a4 Bg4 10. d3 Na5 11. axb5 axb5 12. Nbd2 Nxb3 13. Rxa8 Qxa8 14.
Qxb3 Qa6 15. h3 Be6 16. Qc2 c5 17. Nf1 h6 18. Ng3 Nh7 19. Qe2 Qc8 20. d4
Bc4 21. Qe3 Bg5 22. Nxg5 Nxg5 23. Nf5 Qc7 24. h4 Ne6 25. d5 Nf4 26. b3 Bxb3
27. Qf3 Kh7 28. Bxf4 exf4 29. Qxf4 Rd8 30. Re3 Rd7 31. Rg3 f6 32. h5 c4 33.
Nd4 Qa5 34. Qf5+ Kh8 35. Qxd7 b4 36. Qxg7# { Black checkmated } 1-0

[Event "ICC tourney 2161 (75 10)"]
[Site "Internet Chess Club"]
[Date "2020.11.28"]
[Round "4"]
[White "chessmaster0981"]
[Black "KyleZhuang"]
[Result "1/2-1/2"]
[ICCResult "Game drawn by mutual agreement"]
[WhiteElo "1579"]
[BlackElo "1629"]
[Opening "King's Indian: Andersson variation"]
[ECO "E92"]
[NIC "KI.18"]
[Time "11:03:56"]
[PlyCount "64"]
[TimeControl "4500+10"]


1. d4 Nf6 2. Nf3 g6 3. c4 Bg7 4. Nc3 O-O 5. e4 d6 6. Be2 e5 7. dxe5 dxe5 8.
Qxd8 Rxd8 9. Bg5 Re8 10. Nd5 Nxd5 11. cxd5 c6 12. Bc4 Bd7 13. O-O-O h6 14.
Bd2 cxd5 15. Bxd5 Bc6 16. Bc3 Bxd5 17. Rxd5 Nc6 18. Rhd1 Kf8 19. Rd7 Re7
20. R1d5 Rae8 21. a4 Rxd7 22. Rxd7 Re7 23. Rd5 Ke8 24. b4 Rd7 25. Rxd7 Kxd7
26. Kd2 Ke6 27. Ke3 f5 28. Nd2 Bf8 29. b5 Bc5+ 30. Ke2 Nd4+ 31. Kf1 a6 32.
bxa6 bxa6 { Game drawn by mutual agreement } 1/2-1/2

[Event "ICC tourney 2161 (75 10)"]
[Site "Internet Chess Club"]
[Date "2020.11.28"]
[Round "4"]
[White "sophiaz7"]
[Black "StevChess01"]
[Result "0-1"]
[ICCResult "White checkmated"]
[WhiteElo "1462"]
[BlackElo "1725"]
[Opening "Sicilian: O'Kelly variation"]
[ECO "B28"]
[NIC "SI.43"]
[Time "11:03:45"]
[PlyCount "92"]
[TimeControl "4500+10"]


1. e4 c5 2. Nf3 a6 3. d4 cxd4 4. Nxd4 Nf6 5. Nc3 e5 6. Nb3 Bb4 7. f3 d5 8.
Bd2 dxe4 9. Nxe4 Nxe4 10. Bxb4 Qh4+ 11. g3 Nxg3 12. hxg3 Qxb4+ 13. Qd2
Qxd2+ 14. Nxd2 O-O 15. O-O-O Be6 16. Bd3 h6 17. Ne4 Nd7 18. g4 f6 19. Nd6
Nc5 20. Be2 b5 21. Nf5 Rfd8 22. Rxd8+ Rxd8 23. Rd1 Rxd1+ 24. Bxd1 Bxf5 25.
gxf5 Kf8 26. Kd2 Ke7 27. Ke3 Kd6 28. f4 Na4 29. b4 Nc3 30. Kd2 Nxd1 31.
Kxd1 exf4 32. Ke2 Ke5 33. c4 bxc4 34. a4 Kd5 35. Kf3 c3 36. Kxf4 c2 37. b5
axb5 38. axb5 c1=Q+ 39. Kg4 Qg5+ 40. Kf3 Qxf5+ 41. Ke3 Qg4 42. Kd3 Qg3+ 43.
Kc2 Kc4 44. Kb2 Qg2+ 45. Ka3 Qc2 46. b6 Qb3# { White checkmated } 0-1

[Event "ICC tourney 2161 (75 10)"]
[Site "Internet Chess Club"]
[Date "2020.11.28"]
[Round "4"]
[White "hemtej-g"]
[Black "VincentT2008"]
[Result "0-1"]
[ICCResult "White resigns"]
[WhiteElo "1594"]
[BlackElo "1751"]
[Opening "King's Indian defense, 3.Nc3"]
[ECO "E61"]
[NIC "KI.76"]
[Time "11:03:45"]
[PlyCount "128"]
[TimeControl "4500+10"]


1. d4 Nf6 2. c4 g6 3. Nc3 Bg7 4. Nf3 d6 5. e3 O-O 6. Bd3 Nbd7 7. O-O e5 8.
d5 a5 9. e4 Nc5 10. h3 Nh5 11. Be3 b6 12. a3 f5 13. exf5 gxf5 14. Bc2 Qe8
15. Re1 Ba6 16. b4 Nd7 17. b5 Bc8 18. Ng5 Nc5 19. Bxc5 bxc5 20. Re3 h6 21.
Nf3 e4 22. Nh2 Bd4 23. Nf1 Qg6 24. Ne2 Bxe3 25. fxe3 Rf7 26. Nf4 Nxf4 27.
exf4 Rg7 28. Ne3 Qg3 29. Qe2 Qxh3 30. Rb1 Rb8 31. Rb3 Qh4 32. Qf2 Qf6 33.
Qd2 a4 34. Rb1 Qd4 35. Rd1 Qxd2 36. Rxd2 h5 37. Nd1 Rg3 38. Nb2 Rxa3 39.
Bxa4 Ra8 40. Bd1 Ra1 41. Kh2 R8a2 42. Bb3 Ra3 43. Bd1 R1a2 44. g3 Kg7 45.
Kh3 Kh6 46. Kh4 Bd7 47. Kh3 Rc3 48. Kh4 Rc1 49. Kh3 Rxd1 50. Rxd1 Rxb2 51.
Ra1 e3 52. Re1 e2 53. Kg2 Rc2 54. Kf2 Kg6 55. Rxe2 Rxe2+ 56. Kxe2 Be8 57.
Kf3 Kf6 58. Ke3 Ke7 59. Kd3 Kd8 60. Kc3 Kc8 61. Kb3 Kb7 62. Ka4 Kb6 63. Kb3
Ka5 64. Kc3 Ka4 { White resigns } 0-1

[Event "ICC tourney 2161 (75 10)"]
[Site "Internet Chess Club"]
[Date "2020.11.28"]
[Round "4"]
[White "mancogu"]
[Black "Liopleuradon15"]
[Result "1-0"]
[ICCResult "Black resigns"]
[WhiteElo "1602"]
[BlackElo "1474"]
[Opening "Ruy Lopez: Berlin defense"]
[ECO "C65"]
[NIC "RL.07"]
[Time "11:03:47"]
[PlyCount "75"]
[TimeControl "4500+10"]


1. e4 e5 2. Nf3 Nc6 3. Bb5 Nf6 4. d3 d6 5. O-O Be7 6. h3 O-O 7. Be3 h6 8.
Nbd2 Nh7 9. c3 f5 10. Bxc6 bxc6 11. exf5 Bxf5 12. d4 e4 13. Nh2 d5 14. f3
exf3 15. Ndxf3 Bd6 16. Bf2 Be4 17. b3 Bf4 18. Bh4 g5 19. Be1 Qd6 20. Ng4 h5
21. Nf2 Bxf3 22. gxf3 Be3 23. Kg2 Rf7 24. Nd3 Raf8 25. Bg3 Bf4 26. Bxf4
gxf4 27. Kh2 Rg7 28. Rg1 h4 29. Rxg7+ Kxg7 30. Qg1+ Kh8 31. Qf2 Qg6 32. Ne5
Qh5 33. Rg1 Ng5 34. Rg4 Kg7 35. Rxh4 Qe8 36. Rg4 Rf5 37. Qh4 Qe7 38. Qh5 {
Black resigns } 1-0

[Event "ICC tourney 2161 (75 10)"]
[Site "Internet Chess Club"]
[Date "2020.11.28"]
[Round "4"]
[White "donquiscot"]
[Black "CoarseCrown"]
[Result "1-0"]
[ICCResult "Black resigns"]
[WhiteElo "1585"]
[BlackElo "1744"]
[Opening "Sicilian defense"]
[ECO "B30"]
[NIC "SI.31"]
[Time "11:03:46"]
[PlyCount "129"]
[TimeControl "4500+10"]


1. e4 c5 2. Nf3 Nc6 3. Bc4 e6 4. O-O d6 5. c3 Nf6 6. Re1 Be7 7. d4 cxd4 8.
cxd4 O-O 9. a3 Nxe4 10. Rxe4 d5 11. Bxd5 Qxd5 12. Nc3 Qh5 13. Bf4 Rd8 14.
Rc1 Bf6 15. b4 a6 16. Bc7 Rd7 17. Bb6 Ne7 18. Qa4 Nd5 19. Nxd5 Qxd5 20.
Ree1 Qb5 21. Qxb5 axb5 22. Ne5 Rd6 23. Bc5 Rda6 24. Ng4 Bg5 25. Rcd1 Bd7
26. d5 b6 27. Be3 Bxe3 28. Nxe3 Rxa3 29. dxe6 Bxe6 30. Nd5 Rd8 31. Ne7+ Kf8
32. Rxd8+ Kxe7 33. Rd5 Rb3 34. Rxb5 Kd7 35. Rxb6 Kc7 36. Rb5 Kc6 37. Rb8
Kc7 38. Rh8 Bf5 39. Rf8 Be6 40. Rc1+ Kb7 41. Rh8 Bf5 42. g3 Rxb4 43. Rd8 h5
44. Rd2 g6 45. h4 Rb6 46. Re1 Be6 47. Re3 Kc7 48. Rc3+ Rc6 49. Rxc6+ Kxc6
50. Kf1 Bd5 51. Ke2 Kd6 52. Ke3 Ke6 53. Kf4 Bc4 54. Kg5 Ke7 55. Rd4 Bb5 56.
Re4+ Kf8 57. Kf6 Bc6 58. Rc4 Bd7 59. Rb4 Kg8 60. Rb8+ Kh7 61. Kxf7 g5 62.
hxg5 Bf5 63. Kf6 h4 64. gxh4 Bd7 65. Rb7 { Black resigns } 1-0

[Event "ICC tourney 2161 (75 10)"]
[Site "Internet Chess Club"]
[Date "2020.11.28"]
[Round "4"]
[White "bombsquad"]
[Black "otcm"]
[Result "1-0"]
[ICCResult "Black resigns"]
[WhiteElo "1682"]
[BlackElo "1448"]
[Opening "Sicilian: closed, 2...Nc6"]
[ECO "B23"]
[NIC "SI.44"]
[Time "11:03:36"]
[PlyCount "57"]
[TimeControl "4500+10"]


1. e4 c5 2. Nc3 Nc6 3. Bb5 d6 4. Bxc6+ bxc6 5. f4 Nf6 6. Nf3 g6 7. O-O Bg7
8. d3 O-O 9. Qe1 d5 10. e5 Ne8 11. Qh4 f6 12. Bd2 Rb8 13. b3 Nc7 14. Ne2
Nb5 15. Rae1 fxe5 16. fxe5 e6 17. Bg5 Qd7 18. Bf6 Bxf6 19. exf6 Nd6 20. Ng5
h5 21. g4 Rb4 22. c4 Nf7 23. gxh5 gxh5 24. Qxh5 Nxg5 25. Qxg5+ Kh8 26. Qh6+
Kg8 27. Rf3 Kf7 28. Qh5+ Kg8 29. Rg3+ { Black resigns } 1-0

[Event "ICC tourney 2161 (75 10)"]
[Site "Internet Chess Club"]
[Date "2020.11.28"]
[Round "4"]
[White "MathMonkey"]
[Black "kirikiri007"]
[Result "1/2-1/2"]
[ICCResult "Game drawn because neither player has mating material"]
[WhiteElo "1147"]
[BlackElo "1577"]
[Opening "Ruy Lopez: Cozio defense"]
[ECO "C60"]
[NIC "RL.04"]
[Time "11:03:46"]
[PlyCount "112"]
[TimeControl "4500+10"]


1. e4 e5 2. Nf3 Nc6 3. Bb5 Nge7 4. c3 g6 5. d4 exd4 6. cxd4 d5 7. e5 Bg7 8.
O-O O-O 9. Nc3 Bg4 10. Be2 Qd7 11. Be3 f6 12. exf6 Bxf6 13. Bh6 Bg7 14.
Bxg7 Kxg7 15. Rb1 Nf5 16. b4 Bxf3 17. Bxf3 Ncxd4 18. Bxd5 c6 19. Bb3 Rad8
20. Ne4 Nxb3 21. Qxb3 Qd5 22. Nc5 Qxb3 23. Rxb3 Nd4 24. Ra3 Kh6 25. Nxb7
Rb8 26. Nc5 Rf7 27. Rh3+ Kg7 28. Ne4 h6 29. a3 Rbf8 30. Rd1 Nb5 31. a4 Nc7
32. Rc3 Nd5 33. Rxc6 Nxb4 34. Rcd6 Rf4 35. Rd7+ Kh8 36. f3 a5 37. Rd8 Kg7
38. R1d7+ R8f7 39. Nd6 Rxd7 40. Rxd7+ Kf6 41. Rf7+ Ke5 42. Rxf4 Kxf4 43.
Kf2 Nd3+ 44. Ke2 Nb2 45. Nb7 Nxa4 46. Nxa5 Nc3+ 47. Kd3 Nd5 48. Nc4 g5 49.
Nd2 h5 50. g3+ Kf5 51. Kd4 Nf6 52. h4 gxh4 53. gxh4 Kf4 54. Ne4 Kxf3 55.
Nxf6 Kg3 56. Nxh5+ Kxh4 { Game drawn because neither player has mating
material } 1/2-1/2

[Event "ICC tourney 2161 (75 10)"]
[Site "Internet Chess Club"]
[Date "2020.11.28"]
[Round "4"]
[White "SunnyCountry"]
[Black "JonesGill"]
[Result "0-1"]
[ICCResult "White checkmated"]
[WhiteElo "1313"]
[BlackElo "1228"]
[Opening "Sicilian: O'Kelly variation"]
[ECO "B28"]
[NIC "SI.43"]
[Time "11:03:58"]
[PlyCount "96"]
[TimeControl "4500+10"]


1. e4 c5 2. Nf3 a6 3. d4 cxd4 4. Nxd4 Nf6 5. Nc3 e5 6. Nf3 Bb4 7. Bd3 d5 8.
Bg5 Bxc3+ 9. bxc3 Qc7 10. Bxf6 Qxc3+ 11. Nd2 gxf6 12. exd5 Ke7 13. Rb1 Nd7
14. Rb3 Qa5 15. Be4 Nc5 16. Re3 Nxe4 17. Rxe4 Bf5 18. Rc4 Rac8 19. O-O Qxd5
20. Rxc8 Rxc8 21. c4 Qd7 22. f4 Bd3 23. Re1 Kd8 24. Qc1 Qd4+ 25. Kh1 Qxf4
26. Qc3 Bg6 27. Qa5+ Ke7 28. Qb4+ Ke8 29. Qa4+ Kf8 30. Qb4+ Kg7 31. Rf1 Qd4
32. h3 Rd8 33. Nf3 Qd3 34. Rg1 Be4 35. Nh2 Qxh3 36. c5 Rd4 37. Qe1 Bc6 38.
Qf2 Rh4 39. Qxh4 Qxh4 40. Rf1 Qg3 41. Rg1 e4 42. a3 e3 43. Nf1 Qh4+ 44. Nh2
e2 45. a4 e1=Q 46. Rxe1 Qxe1+ 47. Nf1 Qxf1+ 48. Kh2 Qxg2# { White
checkmated } 0-1

[Event "ICC tourney 2161 (75 10)"]
[Site "Internet Chess Club"]
[Date "2020.11.28"]
[Round "4"]
[White "smartgoldfish"]
[Black "CheddarCheng1"]
[Result "1-0"]
[ICCResult "Black resigns"]
[WhiteElo "1202"]
[BlackElo "1463"]
[Opening "Ruy Lopez: closed, Flohr-Zaitsev system (Lenzerheide variation)"]
[ECO "C92"]
[NIC "RL.26"]
[Time "11:03:31"]
[PlyCount "54"]
[TimeControl "4500+10"]


1. e4 e5 2. Nf3 Nc6 3. Bb5 a6 4. Ba4 Nf6 5. O-O Be7 6. Re1 b5 7. Bb3 O-O 8.
h3 d6 9. c3 Bb7 10. d4 Re8 11. Nbd2 a5 12. a4 Ba6 13. axb5 Bxb5 14. Bxf7+
Kxf7 15. Qb3+ Kf8 16. Ng5 Bc4 17. Nxc4 Qd7 18. Nb6 d5 19. Nxd7+ Nxd7 20.
Ne6+ Kg8 21. Qxd5 Nf6 22. Qxc6 Bd6 23. Qc4 Kh8 24. dxe5 Bxe5 25. f4 Bd6 26.
e5 Bc5+ 27. Nxc5 Ng8 { Black resigns } 1-0

[Event "ICC tourney 2161 (75 10)"]
[Site "Internet Chess Club"]
[Date "2020.11.28"]
[Round "4"]
[White "Niteshc"]
[Black "Surajo"]
[Result "1-0"]
[ICCResult "Black checkmated"]
[WhiteElo "1630"]
[BlackElo "1771"]
[Opening "Giuoco Piano"]
[ECO "C50"]
[NIC "IG.02"]
[Time "11:03:59"]
[PlyCount "75"]
[TimeControl "4500+10"]


1. e4 e5 2. Nf3 Nc6 3. Bc4 Bc5 4. O-O Nf6 5. d3 h6 6. c3 O-O 7. Be3 Bxe3 8.
fxe3 d6 9. Bb3 Be6 10. Nbd2 Bxb3 11. axb3 d5 12. exd5 Nxd5 13. Nc4 Re8 14.
e4 Nf4 15. Nfxe5 Qg5 16. Qf3 Nxe5 17. Nxe5 Qxe5 18. Qxf4 Qxf4 19. Rxf4 a6
20. Kf2 Rad8 21. Ke3 g5 22. Rf5 Re7 23. h4 gxh4 24. Rh1 Rd6 25. Rxh4 Rb6
26. b4 Rg6 27. g4 Kg7 28. Kf4 Rd6 29. d4 Ree6 30. g5 hxg5+ 31. Rxg5+ Kf8
32. Rh8+ Ke7 33. Rgg8 Rg6 34. e5 Rb6 35. Re8+ Kd7 36. d5 c6 37. d6 Rg1 38.
Re7# { Black checkmated } 1-0

[Event "ICC tourney 2161 (75 10)"]
[Site "Internet Chess Club"]
[Date "2020.11.28"]
[Round "4"]
[White "handsomematch"]
[Black "kinpin007"]
[Result "0-1"]
[ICCResult "White resigns"]
[WhiteElo "1222"]
[BlackElo "1525"]
[Opening "Caro-Kann: advance variation"]
[ECO "B12"]
[NIC "CK.04"]
[Time "11:03:53"]
[PlyCount "70"]
[TimeControl "4500+10"]


1. e4 c6 2. d4 d5 3. e5 Bf5 4. Nf3 e6 5. Be2 c5 6. c3 Nc6 7. O-O c4 8. Be3
b5 9. b3 Bg6 10. Qd2 Na5 11. b4 Nc6 12. Bd1 a5 13. Na3 Qb8 14. Nc2 axb4 15.
Nxb4 Nxb4 16. cxb4 Ne7 17. Bc2 Nc6 18. a3 Bxc2 19. Qxc2 Ra4 20. Qc3 Qa7 21.
Rfb1 f6 22. Bf4 h6 23. Re1 f5 24. Rec1 g5 25. Bd2 g4 26. Ne1 Qxd4 27. Qxd4
Nxd4 28. Rc3 Ne2+ 29. Kf1 Nxc3 30. Bxc3 Rh7 31. Nc2 Rb7 32. Nd4 Kd7 33. Ne2
Rba7 34. Bb2 Bxb4 35. axb4 Rxa1+ { White resigns } 0-1

[Event "ICC tourney 2161 (75 10)"]
[Site "Internet Chess Club"]
[Date "2020.11.28"]
[Round "4"]
[White "attalone"]
[Black "Nacaroa-Dan"]
[Result "0-1"]
[ICCResult "White resigns"]
[WhiteElo "1700"]
[BlackElo "1571"]
[Opening "Dutch with c4 & Nc3"]
[ECO "A85"]
[NIC "HD.05"]
[Time "11:03:59"]
[PlyCount "66"]
[TimeControl "4500+10"]


1. d4 f5 2. c4 Nf6 3. Nc3 e6 4. Nf3 Bb4 5. Qc2 O-O 6. e3 b6 7. Be2 Bb7 8.
O-O Bxc3 9. bxc3 Ne4 10. Ba3 d6 11. Rad1 Qe7 12. Ne1 Nd7 13. f3 Nef6 14.
Nd3 e5 15. d5 a5 16. Qd2 Ba6 17. Nc1 Qf7 18. Nb3 h5 19. Qe1 Qg6 20. Qf2 e4
21. Nd4 Ne5 22. Nb5 Rf7 23. Bc1 exf3 24. Bxf3 Nxc4 25. Nd4 Ne5 26. Be2 Ne4
27. Qf4 Nxc3 28. Rd2 Nxd5 29. Qf2 Bxe2 30. Nxe2 Nf6 31. Nf4 Qh6 32. h3 Ne4
33. Qf3 Nxf3+ { White resigns } 0-1

[Event "ICC tourney 2161 (75 10)"]
[Site "Internet Chess Club"]
[Date "2020.11.28"]
[Round "4"]
[White "Deveshc"]
[Black "iamvoltu"]
[Result "1-0"]
[ICCResult "Black resigns"]
[WhiteElo "1480"]
[BlackElo "1600"]
[Opening "Sicilian: Smith-Morra gambit"]
[ECO "B21"]
[NIC "SI.48"]
[Time "11:04:07"]
[PlyCount "78"]
[TimeControl "4500+10"]


1. e4 c5 2. d4 cxd4 3. c3 dxc3 4. Nxc3 Nc6 5. Nf3 g6 6. Bf4 Bg7 7. Rc1 Nf6
8. Bc4 d6 9. h3 O-O 10. Qe2 Nd7 11. O-O Nce5 12. Bb3 Nxf3+ 13. Qxf3 Nc5 14.
Rfd1 b6 15. e5 Nxb3 16. axb3 Be6 17. exd6 Bxb3 18. Rd2 e5 19. Be3 Rc8 20.
Re1 Re8 21. Ne4 Re6 22. Bg5 Qd7 23. Qxb3 h6 24. Be7 Rc6 25. Red1 Rc8 26.
Qa2 Rc6 27. Qa4 Kh7 28. Qxc6 Qxc6 29. d7 Rxe7 30. d8=Q Re8 31. Qd7 Qa8 32.
Qxf7 Rf8 33. Qd5 Qc8 34. Qd7 Qa8 35. Nd6 Rg8 36. Qb7 Qf8 37. Qxa7 Qf6 38.
Qf7 Qg5 39. Ne8 Qh5 { Black resigns } 1-0

[Event "ICC tourney 2161 (75 10)"]
[Site "Internet Chess Club"]
[Date "2020.11.28"]
[Round "4"]
[White "ChessMindTT"]
[Black "Clairehouses"]
[Result "0-1"]
[ICCResult "White resigns"]
[WhiteElo "1417"]
[BlackElo "1566"]
[Opening "Sicilian: Najdorf"]
[ECO "B90"]
[NIC "SI.14"]
[Time "11:03:58"]
[PlyCount "72"]
[TimeControl "4500+10"]


1. e4 c5 2. Nf3 d6 3. d4 cxd4 4. Nxd4 Nf6 5. Nc3 a6 6. a4 e5 7. Nb3 Be6 8.
Be2 Be7 9. Be3 Nc6 10. Nd5 Bxd5 11. exd5 Nb4 12. c4 a5 13. O-O O-O 14. Bd2
b6 15. Bxb4 axb4 16. Qd2 Ne4 17. Qxb4 Nc5 18. Nxc5 dxc5 19. Qc3 e4 20. f3
Bf6 21. Qb3 Bd4+ 22. Kh1 Re8 23. fxe4 Rxe4 24. Bd3 Rh4 25. g3 Rh6 26. Qc2
Qc7 27. Kg2 Re8 28. Rae1 Rxe1 29. Rxe1 g6 30. b3 Qd7 31. Re4 Qh3+ 32. Kh1
Qxg3 33. Rxd4 cxd4 34. Bf1 Qf3+ 35. Qg2 Qf4 36. Bd3 Rh5 { White resigns }
0-1

[Event "ICC tourney 2161 (75 10)"]
[Site "Internet Chess Club"]
[Date "2020.11.28"]
[Round "4"]
[White "Supersky"]
[Black "vedu24"]
[Result "0-1"]
[ICCResult "White resigns"]
[WhiteElo "1312"]
[BlackElo "1524"]
[Opening "Queen's pawn game"]
[ECO "D04"]
[NIC "QP.06"]
[Time "11:03:35"]
[PlyCount "160"]
[TimeControl "4500+10"]


1. d4 Nf6 2. Nf3 d5 3. e3 Bf5 4. Bd3 Bg6 5. O-O e6 6. b3 Bd6 7. c4 c6 8.
Qe2 Ng4 9. h3 Nf6 10. Nbd2 Nbd7 11. e4 dxe4 12. Nxe4 Nxe4 13. Bxe4 Nf6 14.
Bxg6 hxg6 15. Bg5 Qc7 16. Rac1 Bf4 17. Bxf4 Qxf4 18. Rfe1 g5 19. Qe5 Qxe5
20. Nxe5 Rd8 21. Rcd1 Rh4 22. Nf3 Re4 23. Rxe4 Nxe4 24. Rd3 c5 25. d5 Nf6
26. Nxg5 exd5 27. cxd5 Rxd5 28. Rxd5 Nxd5 29. Ne4 b6 30. Nd6+ Kf8 31. g4
Nb4 32. a3 Nc2 33. b4 cxb4 34. axb4 Nxb4 35. Nc8 Nc6 36. Kf1 Ke8 37. Nd6+
Ke7 38. Nf5+ Kf6 39. f4 a5 40. Ne3 Nb4 41. Nc4 Nd5 42. f5 a4 43. Ke1 b5 44.
Nd2 Nc3 45. h4 b4 46. Nc4 a3 47. Na5 a2 48. Nb3 Ke5 49. Kd2 Kf4 50. f6 Ne4+
51. Kc2 Nc5 52. fxg7 Nxb3 53. Kxb3 a1=Q 54. g8=Q Qc3+ 55. Ka4 Qa3+ 56. Kb5
Qb3 57. Qg5+ Kg3 58. h5 Qc3 59. Qc5 Qxc5+ 60. Kxc5 b3 61. h6 b2 62. h7 b1=Q
63. h8=Q Kxg4 64. Qg7+ Qg6 65. Qd4+ Kh5 66. Qd1+ Kh6 67. Qh1+ Qh5+ 68.
Qxh5+ Kxh5 69. Kd4 Kg4 70. Ke3 f5 71. Kf2 Kf4 72. Kf1 Kf3 73. Kg1 Ke2 74.
Kg2 f4 75. Kg1 f3 76. Kh1 f2 77. Kg2 f1=Q+ 78. Kg3 Qf3+ 79. Kh4 Qg2 80. Kh5
Qg3 { White resigns } 0-1

[Event "ICC tourney 2161 (75 10)"]
[Site "Internet Chess Club"]
[Date "2020.11.28"]
[Round "4"]
[White "lerui"]
[Black "kevin2010"]
[Result "1/2-1/2"]
[ICCResult "Game drawn by repetition"]
[WhiteElo "1146"]
[BlackElo "1154"]
[Opening "Sicilian defense"]
[ECO "B40"]
[NIC "SI.43"]
[Time "11:03:38"]
[PlyCount "84"]
[TimeControl "4500+10"]


1. e4 c5 2. Nf3 e6 3. Be2 Qc7 4. Nc3 Nc6 5. d3 Nf6 6. Be3 Be7 7. h3 O-O 8.
O-O b6 9. Qd2 Bb7 10. Bf4 e5 11. Bg3 d6 12. Rfe1 Rad8 13. Rad1 Nd4 14. a3
a5 15. a4 Nh5 16. Nxd4 Nxg3 17. Nf3 Nxe2+ 18. Qxe2 f5 19. Ra1 Qd7 20. b3
fxe4 21. dxe4 Rf4 22. Rad1 Qe6 23. Kh2 d5 24. exd5 Bxd5 25. Nxd5 Rxd5 26.
Rxd5 Qxd5 27. c4 Qc6 28. Kg1 e4 29. Nd2 Qg6 30. Nxe4 Rh4 31. Ng3 Bd6 32.
Qe6+ Qxe6 33. Rxe6 Rd4 34. Kf1 Kf7 35. Re3 Bf4 36. Rf3 Kg6 37. Ke2 Rd2+ 38.
Ke1 Rd4 39. Ke2 Rd2+ 40. Ke1 Rd4 41. Ke2 Rd2+ 42. Ke1 Rd4 { Game drawn by
repetition } 1/2-1/2

[Event "ICC tourney 2161 (75 10)"]
[Site "Internet Chess Club"]
[Date "2020.11.28"]
[Round "4"]
[White "TheSuperKing"]
[Black "flyingfred"]
[Result "1-0"]
[ICCResult "Black resigns"]
[WhiteElo "1731"]
[BlackElo "1495"]
[Opening "French: classical, Pollock variation"]
[ECO "C14"]
[NIC "FR.06"]
[Time "11:03:58"]
[PlyCount "83"]
[TimeControl "4500+10"]


1. e4 e6 2. d4 d5 3. Nc3 Nf6 4. Bg5 Be7 5. e5 Nfd7 6. Bxe7 Qxe7 7. Qg4 O-O
8. a3 c5 9. Nb5 Nc6 10. c3 a6 11. Nd6 cxd4 12. Nxc8 Raxc8 13. cxd4 f6 14.
exf6 Nxf6 15. Qd1 Ne4 16. Nf3 Qf6 17. Be2 Nxf2 18. Kxf2 Qh4+ 19. Kg1 Qe4
20. Qd2 h6 21. Re1 Rf6 22. h3 Qg6 23. Ne5 Nxe5 24. dxe5 Rf7 25. Kh2 Rcf8
26. Qd3 Qg5 27. Qg3 Qd2 28. Bg4 Rf2 29. Bxe6+ Kh8 30. Rd1 Qxb2 31. Bxd5 b5
32. e6 Re2 33. Rhf1 Re8 34. Qg6 Qe5+ 35. Kh1 Rc8 36. Qf7 Rc7 37. e7 Rc8 38.
Qf8+ Rxf8 39. exf8=Q+ Kh7 40. Bg8+ Kg6 41. Qf7+ Kg5 42. Rd5 { Black resigns
} 1-0